 Dungeon Crawl Stone Soup version 0.31-a0-632-g766dd24fdf (webtiles) character file.

Game seed: 2159275608577257435

1206 Ofeo the Sneak (level 8, -6/41 HPs)
             Began as a Kobold Earth Elementalist on Aug 25, 2023.
             Mangled by a gnoll sergeant
             ... wielding a +0 spear
              (13 damage)
             ... on level 5 of the Dungeon.
             The game lasted 00:10:17 (5541 turns).

Ofeo the Sneak (Kobold Earth Elementalist)          Turns: 5541, Time: 00:10:17

Health: -6/41      AC:  3    Str: 11    XL:     8   Next: 73%
Magic:  2/11       EV: 15    Int: 17    God:
Gold:   147        SH:  0    Dex: 17    Spells: 5/11 levels left

rFire   . . .        a - +3 dagger (protect)
rCold   . . .        h - orb {guile}
rNeg    . . .        n - +1 robe
rPois   .            (no helmet)
rElec   .            (no cloak)
rCorr   +            (no gloves)
SInv    .            (no boots)
Will    .....        g - amulet of regeneration
Stlth   +++++        d - +6 ring of strength
HPRegen 1.06/turn    u - ring of resist corrosion
MPRegen 0.12/turn

%: no passive effects
@: very slightly contaminated, hasted, very quick
A: small, no large weapons, nightstalker 3
a: no special abilities


You were on level 5 of the Dungeon.
You visited 1 branch of the dungeon, and saw 5 of its levels.
You also visited: Sewer.

You collected 147 gold pieces.

Inventory:

Hand Weapons
 a - a +3 dagger of protection (weapon)
 b - a +1 rapier of holy wrath
Armour
 h - an orb of guile (worn)
 n - a +1 robe (worn)
Jewellery
 d - a +6 ring of strength (left hand)
 g - an amulet of regeneration (around neck)
 u - a ring of resist corrosion (right hand)
Scrolls
 c - 4 scrolls of teleportation {@r3}
 e - a scroll of enchant armour
 f - 2 scrolls of summoning
 i - a scroll of identify {@r1}
 j - a scroll of revelation
 p - a scroll of fear
 r - a scroll of amnesia
 v - a scroll of fog
Potions
 k - a potion of attraction {unknown}
 l - a potion of magic
 m - 2 potions of might {@q4}
 o - 2 potions of enlightenment {unknown}
 q - 2 potions of curing {@q1}
 s - 2 potions of haste {@q3}
 t - 2 potions of cancellation {unknown}


   Skills:
 + Level 6.0 Short Blades
 - Level 2.7 Dodging
 + Level 7.4 Stealth
 - Level 2.4 Spellcasting
 + Level 4.8 Transmutations
 + Level 5.7 Earth Magic


You had 5 spell levels left.
You knew the following spells:

 Your Spells              Type           Power      Damage    Failure   Level
a - Sandblast             Erth           42%        2d11      1%          1
b - Passwall              Tmut/Erth      16%        N/A       3%          2
c - Stone Arrow           Conj/Erth      22%        3d8       17%         3

Your spell library contained the following spells:

 Spells                   Type           Power      Damage    Failure   Level
 Petrify                  Tmut/Erth      20%        N/A       22%         4
 Lesser Beckoning         Tloc           4%         N/A       28%         2
 Static Discharge         Conj/Air       4%         2-3/arc   28%         2
 Gell's Gravitas          Tloc           2%         N/A       50%         3
 Teleport Other           Tloc           2%         N/A       50%         3
 Airstrike                Air            1%         2d(1-17)  88%         4
 Summon Lightning Spire   Summ/Air       2%         N/A       88%         4


Dungeon Overview and Level Annotations

Branches:
Dungeon (5/15)              Sewer (visited)
 Temple: D:4-7

Altars:
Dithmenos

Shops:
D:5 (

Annotations:
D:5 Eustachio


Innate Abilities, Weirdness & Mutations

You are small and have problems with some larger weapons.
You are completely attuned to the shadows.


Message History

Casting: Stone Arrow (quite dangerous; 17% risk of failure)
Confirm with . or Enter, or press ? or * to list all spells.
Aiming: Stone Arrow (quite dangerous; 17% risk of failure)
Press: ? - help, Shift-Dir - straight line, f/p - gnoll sergeant
Aim: a gnoll sergeant, wielding a +0 spear, wearing a +0 ring mail and wearing a +0 kite shield (lightly wounded, 81% to hit)
You miscast Stone Arrow.
You are very lightly contaminated with residual magic.
Nothing appears to happen.
The gnoll sergeant hits you from afar with a +0 spear.
You take 1 damage, and have 33/41 hp.
You now have 8/11 mp.
Casting: Stone Arrow (quite dangerous; 17% risk of failure)
Confirm with . or Enter, or press ? or * to list all spells.
Okay, then.
Casting: Stone Arrow (quite dangerous; 17% risk of failure)
Confirm with . or Enter, or press ? or * to list all spells.
Aiming: Stone Arrow (quite dangerous; 17% risk of failure)
Press: ? - help, Shift-Dir - straight line, f/p - gnoll sergeant
Aim: a gnoll sergeant, wielding a +0 spear, wearing a +0 ring mail and wearing a +0 kite shield (lightly wounded, 81% to hit)
The stone arrow misses the gnoll sergeant.
The gnoll sergeant hits you from afar with a +0 spear!
You take 10 damage, and have 23/41 hp.
MASSIVE DAMAGE!!
You now have 5/11 mp.
Casting: Stone Arrow (quite dangerous; 17% risk of failure)
Confirm with . or Enter, or press ? or * to list all spells.
Aiming: Stone Arrow (quite dangerous; 17% risk of failure)
Press: ? - help, Shift-Dir - straight line, f/p - gnoll sergeant
Aim: a gnoll sergeant, wielding a +0 spear, wearing a +0 ring mail and wearing a +0 kite shield (lightly wounded, 81% to hit)
You miscast Stone Arrow.
Nothing appears to happen.
The gnoll sergeant hits you from afar with a +0 spear!
* * * LOW HITPOINT WARNING * * *
You take 12 damage, and have 11/41 hp.
MASSIVE DAMAGE!!
You now have 2/11 mp.
You feel better.
The gnoll sergeant hits you from afar with a +0 spear!
* * * LOW HITPOINT WARNING * * *
You feel yourself speed up.
The gnoll sergeant hits you from afar with a +0 spear!
* * * LOW HITPOINT WARNING * * *
You take 6 damage, and have 6/41 hp.
The gnoll sergeant attacks as it pursues you!
The gnoll sergeant hits you from afar with a +0 spear!
You die...

#########
#.......# #####.#
#@# #...#.#####.#
######+#......##g#
....g'∩+.#.##.##.#
######.#.#.......#
# #.g.####.#### #
##### #.# # #.#
######## ..


You could see a gnoll sergeant.

Vanquished Creatures
  A wyvern (D:4)
  An ice beast (D:5)
  An ogre (D:4)
  A centaur (D:5)
  A phantom (D:5)
  Blork the orc (D:4)
  2 scorpions (D:4)
  A howler monkey (D:4)
  A jelly (D:4)
  A hound (D:5)
  2 sleepcaps (D:5)
  A hell rat (Sewer)
  An iguana (D:4)
  An orc wizard (D:3)
  2 gnolls (D:5)
  4 adders
  2 river rats (Sewer)
  5 worms
  2 dart slugs
  7 orcs (D:3)
  4 endoplasms
  3 giant cockroaches
  5 hobgoblins (D:1)
  3 jackals (D:1)
  6 kobolds
  4 quokkas
  8 ball pythons
  2 bats
  4 frilled lizards
  3 goblins
  10 rats
90 creatures vanquished.

Vanquished Creatures (collateral kills)
  Duvessa (D:5)
  Dowan (D:5)
2 creatures vanquished.

Grand Total: 92 creatures vanquished

Notes
Turn   | Place    | Note
-------+----------+-------------------------------------------
     0 | D:1      | Ofeo the Kobold Earth Elementalist began the quest for the
                  | Orb.
     0 | D:1      | Reached XP level 1. HP: 10/10 MP: 3/3
    98 | D:1      | Reached XP level 2. HP: 15/15 MP: 0/5
   178 | D:1      | Reached skill level 3 in Stealth
   518 | D:1      | Learned a level 2 spell: Passwall
   642 | D:1      | Reached XP level 3. HP: 19/19 MP: 4/6
  1387 | D:2      | Reached skill level 1 in Short Blades
  1563 | D:2      | Found a faded altar of an unknown god.
  2056 | D:3      | Reached XP level 4. HP: 24/24 MP: 4/7
  2387 | D:3      | Reached skill level 4 in Stealth
  2387 | D:3      | Reached XP level 5. HP: 28/28 MP: 1/8
  2593 | D:3      | Found a shadowy altar of Dithmenos.
  3288 | D:4      | Learned a level 3 spell: Stone Arrow
  3309 | D:4      | Noticed an ogre
  3395 | D:4      | Noticed a wyvern
  3399 | D:4      | Killed a wyvern
  3400 | D:4      | Reached skill level 5 in Stealth
  3400 | D:4      | Reached XP level 6. HP: 32/32 MP: 4/9
  3467 | D:4      | Reached XP level 7. HP: 36/36 MP: 10/10
  3554 | D:4      | Noticed Blork the orc
  3558 | D:4      | Killed Blork the orc
  3609 | D:4      | Found a glowing drain.
  3635 | Sewer    | Entered a sewer
  3737 | Sewer    | Reached skill level 6 in Stealth
  4099 | D:4      | Reached skill level 5 in Earth Magic
  4606 | D:5      | Entered Level 5 of the Dungeon
  4702 | D:5      | Reached skill level 5 in Short Blades
  4702 | D:5      | Reached XP level 8. HP: 21/41 MP: 4/11
  5130 | D:5      | Noticed Duvessa
  5131 | D:5      | Noticed Dowan
  5138 | D:5      | Killed Duvessa
  5141 | D:5      | Killed Dowan
  5142 | D:5      | Reached skill level 7 in Stealth
  5330 | D:5      | Noticed Eustachio
  5519 | D:5      | Found Tim Pink's Weapon Shop.
  5541 | D:5      | Mangled by a gnoll sergeant

Illustrated notes

Levels and vault maps discovered:
D:1:      wander_arrival_desolate, layout_basic, minmay_misc_feat_ornament
D:2:      layout_rooms, hellmonk_ecumenical_altar_pennies_from_heaven
D:3:      layout_basic, grunt_dithmenos_smoke, kennysheep_crisscross,
          chequers_serial_rivers_micro_a
D:4:      layout_rooms, cheibrodos_sewer_entry_drain, uniq_blork_the_orc
D:5:      dreamdust_elfheim, layout_loops_cross, lemuel_coloured_pillars_altar,
          serial_shops, kennysheep_mini, minmay_door_square,
          kennysheep_generic_room_4, uniq_eustachio

Skill      XL: |  1  2  3  4  5  6  7  8 |
---------------+-------------------------+-----
Stealth        | 3 4 5 6 7 |  7.4
Short Blades   | 1 2 3 5 6 |  6.0
Transmutations | 2 3 4 |  4.8
Earth Magic    | 4 5 |  5.7
Dodging        | |  2.7
Spellcasting   | |  2.4

Action                     |  1- 3 |  4- 6 |  7- 9 || total
---------------------------+-------+-------+-------++-------
  Melee: Unarmed           |     6 |       |       ||     6
         Dagger            |     2 |    17 |    72 ||    91
   Cast: Sandblast         |    51 |    41 |    49 ||   141
         Stone Arrow       |       |     1 |     4 ||     5
    Use: Scroll            |     8 |     2 |     4 ||    14
         Potion            |       |     1 |     2 ||     3
   Stab: Sleeping          |     1 |     3 |     5 ||     9
 Armour: Robe              |     1 |     9 |    29 ||    39
  Dodge: Dodged            |     4 |    26 |   105 ||   135

Table legend: (Time is in decaauts)
 A = Elapsed time spent in this place.
 B = Non-inter-level travel time spent in this place.
 C = Inter-level travel time spent in this place.
 D = Time resting spent in this place.
 E = Time spent auto-exploring this place.
 F = Levels seen in this place.
 G = Mean time per level.
                   A        B        C        D        E       F      G
               +--------+--------+--------+--------+--------+-----+--------+
         Total |   5615 |   5441 |    174 |    309 |   4259 |   6 |  935.8 |
       Dungeon |   5328 |   5154 |    174 |    238 |   4108 |   5 | 1065.6 |
         Sewer |    287 |    287 |      0 |     71 |    150 |   1 |  287.0 |
               +--------+--------+--------+--------+--------+-----+--------+

Top non-repeatable levels by time:
     D:3: 1307 daAuts
     D:1: 1260 daAuts
     D:4: 1159 daAuts
     D:5: 806 daAuts
     D:2: 795 daAuts
   Sewer: 287 daAuts
